General information
- name: BNet
- type: Ladder team game (AT/RT)
- host: Battle.net
- saver: BI-FCL_GLDRBS
map: RiverOfSouls
- players: 6
- length: 15:10
- speed: Fast
- version: 1.24 W3XP
- replay type: Public
» download(125 KB)
Players
team 1 (loser)

»
C-Master (
purple | 83 APM | 1260 actions | 15:09)
4 Death Knight
2 Death Coil
2 Unholy Aura
3 Firelord
2 Summon Lava Spawn
1 Incinerate
» actions
| Assign group hotkey | 30 | |
| Build / train | 41 | |
| ESC pressed | 5 | |
| Enter build submenu | 18 | |
| Enter hero's abilities submenu | 7 | |
| Right click | 808 | |
| Select / deselect | 129 | |
| Select group hotkey | 179 | |
| Use ability | 43 | |
1260 total
» units
| Acolyte | 2 | |
| Crypt Fiend | 11 | |
| Ghoul | 13 | |
26 total
» buildings
| Graveyard | 1 | |
| Ziggurat | 8 | |
| Crypt | 2 | |
| Altar of Darkness | 1 | |
| Tomb of Relics | 1 | |
| Nerubian Tower | 1 | |
| Halls of the Dead | 1 | |
| Black Citadel | 1 | |
| Sacrificial Pit | 1 | |
| Spirit Tower | 1 | |
| Boneyard | 2 | |
20 total
» build order
00:11 Graveyard
00:19 Ziggurat
00:37 Crypt
00:51 Altar of Darkness
01:31 Tomb of Relics
02:07 Ziggurat
02:14 Nerubian Tower
06:57 Halls of the Dead
08:31 Crypt
09:49 Black Citadel
09:53 Ziggurat
09:55 Ziggurat
13:10 Sacrificial Pit
14:10 Spirit Tower
14:12 Ziggurat
14:17 Boneyard
14:20 Ziggurat
14:24 Ziggurat
14:27 Ziggurat
14:48 Boneyard
» items

»
eNko (
teal | 120 APM | 1804 actions | 15:01)
3 Demon Hunter
1 Mana Burn
2 Immolation
» actions
| Assign group hotkey | 64 | |
| Basic commands | 8 | |
| Build / train | 51 | |
| ESC pressed | 6 | |
| Enter build submenu | 10 | |
| Enter hero's abilities submenu | 4 | |
| Right click | 926 | |
| Select / deselect | 390 | |
| Select group hotkey | 173 | |
| Use ability | 172 | |
1804 total
» units
| Wisp | 19 | |
| Archer | 3 | |
| Huntress | 13 | |
| Glaive Thrower | 7 | |
42 total
» upgrades
| Strength of the Wild | 1 | |
| Reinforced Hides | 1 | |
2 total
» buildings
| Altar of Elders | 1 | |
| Moon Well | 4 | |
| Ancient of War | 2 | |
| Hunter's Hall | 1 | |
8 total
» build order
00:06 Altar of Elders
00:12 Moon Well
01:00 Ancient of War
01:29 Moon Well
02:57 Hunter's Hall
03:28 Moon Well
03:31 Ancient of War
08:39 Moon Well

»
fresoll (
orange | 57 APM | 850 actions | 14:48)
4 Archmage
1 Blizzard
2 Summon Water Elemental
1 Brilliance Aura
» actions
| Assign group hotkey | 8 | |
| Build / train | 23 | |
| Enter build submenu | 8 | |
| Enter hero's abilities submenu | 4 | |
| Right click | 544 | |
| Select / deselect | 178 | |
| Select group hotkey | 51 | |
| Use ability | 34 | |
850 total
» units
» buildings
| Altar of Kings | 1 | |
| Farm | 4 | |
| Barracks | 1 | |
| Keep | 1 | |
7 total
» build order
00:12 Altar of Kings
00:18 Farm
00:22 Barracks
00:54 Farm
01:51 Farm
02:52 Keep
10:03 Farm
team 2 (winner)
BI-FCL_GLDRBS (
yellow | 132 APM | 2002 actions | 15:10)
4 Keeper of the Grove
2 Force of Nature
2 Thorns Aura
» actions
| Assign group hotkey | 26 | |
| Basic commands | 86 | |
| Build / train | 55 | |
| ESC pressed | 14 | |
| Enter build submenu | 20 | |
| Enter hero's abilities submenu | 4 | |
| Right click | 1230 | |
| Select / deselect | 218 | |
| Select group hotkey | 291 | |
| Use ability | 58 | |
2002 total
» units
» upgrades
| Ultravision | 1 | |
| Strength of the Wild | 1 | |
| Reinforced Hides | 1 | |
3 total
» buildings
| Moon Well | 8 | |
| Tree of Life | 1 | |
| Altar of Elders | 1 | |
| Hunter's Hall | 1 | |
| Ancient of War | 2 | |
| Ancient Protector | 1 | |
| Tree of Ages | 1 | |
| Ancient of Wonders | 1 | |
| Tree of Eternity | 1 | |
| Ancient of Wind | 1 | |
| Chimaera Roost | 3 | |
21 total
» build order
00:21 Moon Well
01:03 Tree of Life
01:24 Altar of Elders
02:21 Hunter's Hall
02:35 Ancient of War
02:52 Ancient of War
03:01 Moon Well
03:49 Ancient Protector
06:43 Moon Well
08:09 Tree of Ages
08:23 Ancient of Wonders
10:03 Moon Well
10:04 Moon Well
11:38 Tree of Eternity
11:41 Ancient of Wind
11:44 Moon Well
11:45 Moon Well
13:47 Moon Well
14:06 Chimaera Roost
14:07 Chimaera Roost
14:35 Chimaera Roost
MyLiege_Cyrus (
red | 112 APM | 1699 actions | 15:10)
4 Archmage
2 Summon Water Elemental
2 Brilliance Aura
3 Mountain King
2 Storm Bolt
1 Bash
» actions
| Assign group hotkey | 330 | |
| Basic commands | 39 | |
| Build / train | 70 | |
| Enter build submenu | 19 | |
| Enter hero's abilities submenu | 7 | |
| Remove unit from queue | 7 | |
| Right click | 740 | |
| Select / deselect | 293 | |
| Select group hotkey | 130 | |
| Use ability | 64 | |
1699 total
» units
| Peasant | 24 | |
| Sorceress | 6 | |
| Priest | 4 | |
| Spell Breaker | 4 | |
38 total
» upgrades
| Masonry | 1 | |
| Sorceress Training | 1 | |
| Priest Training | 1 | |
3 total
» buildings
| Altar of Kings | 1 | |
| Farm | 5 | |
| Lumber Mill | 1 | |
| Scout Tower | 5 | |
| Arcane Tower | 3 | |
| Guard Tower | 2 | |
| Keep | 3 | |
| Town Hall | 1 | |
| Arcane Sanctum | 2 | |
| Arcane Vault | 1 | |
| Castle | 1 | |
| Blacksmith | 1 | |
26 total
» build order
00:05 Altar of Kings
00:09 Farm
01:03 Farm
01:40 Lumber Mill
02:06 Farm
03:24 Scout Tower
03:52 Arcane Tower
03:58 Scout Tower
04:30 Guard Tower
04:46 Scout Tower
05:23 Arcane Tower
05:29 Keep
05:29 Keep
06:12 Scout Tower
07:27 Town Hall
07:29 Arcane Tower
07:31 Scout Tower
07:53 Arcane Sanctum
08:12 Arcane Sanctum
10:30 Farm
10:34 Arcane Vault
12:37 Farm
12:42 Guard Tower
12:44 Castle
13:54 Blacksmith
powa.ovawelming (
blue | 96 APM | 1459 actions | 15:10)
5 Archmage
3 Summon Water Elemental
2 Brilliance Aura
» actions
| Assign group hotkey | 148 | |
| Basic commands | 9 | |
| Build / train | 75 | |
| Enter build submenu | 25 | |
| Enter hero's abilities submenu | 5 | |
| Remove unit from queue | 5 | |
| Right click | 707 | |
| Select / deselect | 269 | |
| Select group hotkey | 150 | |
| Use ability | 66 | |
1459 total
» units
| Peasant | 34 | |
| Rifleman | 1 | |
| Sorceress | 1 | |
36 total
» upgrades
| Masonry | 1 | |
| Long Rifles | 1 | |
| Gunpowder | 2 | |
4 total
» buildings
| Altar of Kings | 1 | |
| Farm | 7 | |
| Lumber Mill | 1 | |
| Scout Tower | 9 | |
| Guard Tower | 8 | |
| Arcane Tower | 1 | |
| Arcane Vault | 1 | |
| Keep | 3 | |
| Barracks | 2 | |
| Blacksmith | 1 | |
| Arcane Sanctum | 2 | |
36 total
» build order
00:02 Altar of Kings
00:03 Farm
00:33 Farm
01:23 Lumber Mill
03:44 Farm
04:03 Scout Tower
04:04 Scout Tower
04:07 Scout Tower
04:38 Guard Tower
04:50 Guard Tower
05:05 Guard Tower
05:16 Scout Tower
05:17 Scout Tower
05:44 Guard Tower
06:34 Scout Tower
06:36 Scout Tower
06:50 Scout Tower
06:51 Scout Tower
07:20 Guard Tower
07:45 Arcane Tower
07:50 Guard Tower
07:51 Guard Tower
08:19 Arcane Vault
10:10 Keep
10:10 Keep
11:02 Barracks
11:03 Barracks
11:07 Blacksmith
11:08 Farm
11:09 Farm
11:10 Farm
11:11 Farm
13:11 Arcane Sanctum
13:13 Arcane Sanctum
» items
| Scroll of Regeneration | 1 | |
| Scroll of Town Portal | 1 | |
| Potion of Healing | 1 | |
| Ivory Tower | 1 | |
4 total
Chat log
(00:27 / Allies) BI-FCL_GLDRBS: lumbros
(11:26 / All) MyLiege_Cyrus: wow
(11:27 / All) MyLiege_Cyrus: U noob?
(13:34 / All) MyLiege_Cyrus: ud was way noob
(15:00 / All) eNko: gg nice strat
(15:08 / All) C-Master: c-ya